SAA
LANNISTER UNITED LIONHEARTS @ BETHESDA ATOMS
07/21/2033
 
TOP OF THE 1ST
Lannister United Lionhearts batting - Pitching for Bethesda Atoms : RHP Júlio Gutiérrez
Pitching: RHP Júlio Gutiérrez
Batting: RHB Leonard Carroll 0-0: Swinging Strike
0-1: Swinging Strike
0-2: Ball
1-2: Foul Ball, location: 2F
1-2: Strikes out looking
Batting: RHB Bill Boyd 0-0: Foul Ball, location: 2F
0-1: Ball
1-1: Called Strike
1-2: Strikes out swinging
Batting: LHB Jonathan Gunner 0-0: SOLO HOME RUN (Flyball, 9LD), Distance : 349 ft
Batting: RHB Chong-yee Au-Yong 0-0: Called Strike
0-1: SINGLE (Line Drive, 78S)
Batting: SHB Vernon T. Waldrip 0-0: Ball
1-0: Called Strike
1-1: Fielders Choice at 2nd, 5-4 (Groundball, 5)
Top of the 1st over - 1 run, 2 hits, 0 errors, 1 left on base; Lannister United 1 - Bethesda 0
BOTTOM OF THE 1ST
Bethesda Atoms batting - Pitching for Lannister United Lionhearts : LHP Tony Torres
Pitching: LHP Tony Torres
Batting: RHB Tomás Gonzáles 0-0: Called Strike
0-1: Foul Ball, location: 2F
0-2: Foul Ball, location: 2F
0-2: Ball
1-2: Ball
2-2: DOUBLE (Line Drive, 7LM)
Batting: LHB Manuel Márquez 0-0: Ball
1-0: Swinging Strike
1-1: Ball
2-1: Ball
3-1: Ground out 3-1 (Groundball, 3S)
Tomás Gonzáles to third
Batting: LHB Gong Mao 0-0: SINGLE (Groundball, 4MD)
Tomás Gonzáles scores
Batting: RHB Renato Zuvic 0-0: Foul Ball, location: 2F
0-1: Ball
1-1: Ball
2-1: Grounds into double play, 4-6-3 (Groundball, 4)
Bottom of the 1st over - 1 run, 2 hits, 0 errors, 0 left on base; Lannister United 1 - Bethesda 1
TOP OF THE 2ND
Lannister United Lionhearts batting - Pitching for Bethesda Atoms : RHP Júlio Gutiérrez
Batting: LHB Takahiro Suzuki 0-0: Ball
1-0: Swinging Strike
1-1: Foul Ball, location: 2F
1-2: Ball
2-2: Strikes out swinging
Batting: LHB Jack Donohue 0-0: Ball
1-0: Called Strike
1-1: Fly out, F9 (Flyball, 9LMF)
Batting: RHB Gilberto Clemente 0-0: Swinging Strike
0-1: Ball
1-1: Foul Ball, location: 2F
1-2: Ground out 5-3 (Groundball, 56S)
Top of the 2nd over - 0 runs, 0 hits, 0 errors, 0 left on base; Lannister United 1 - Bethesda 1
BOTTOM OF THE 2ND
Bethesda Atoms batting - Pitching for Lannister United Lionhearts : LHP Tony Torres
Batting: RHB José Leyva 0-0: Ball
1-0: Called Strike
1-1: Ball
2-1: DOUBLE (Line Drive, 7D)
Batting: SHB Pedro Ortega 0-0: Ball
1-0: Foul Ball, location: 2F
1-1: Called Strike
1-2: Strikes out swinging
Batting: RHB Raúl Francisco 0-0: Called Strike
0-1: Fly out, F9 (Flyball, 89S)
Batting: LHB Rob Rodríguez 0-0: Foul Ball, location: 2F
0-1: Ball
1-1: Ball
2-1: Foul Ball, location: 2F
2-2: Ground out 4-3 (Groundball, 4)
Bottom of the 2nd over - 0 runs, 1 hit, 0 errors, 1 left on base; Lannister United 1 - Bethesda 1
TOP OF THE 3RD
Lannister United Lionhearts batting - Pitching for Bethesda Atoms : RHP Júlio Gutiérrez
Batting: RHB Riley Walker 0-0: Ball
1-0: Foul Ball, location: 2F
1-1: Foul Ball, location: 2F
1-2: Strikes out swinging
Batting: RHB Leonard Carroll 0-0: Ball
1-0: Swinging Strike
1-1: Called Strike
1-2: Ball
2-2: Foul Ball, location: 2F
2-2: Ball
3-2: Fly out, F6 (Line Drive, 6)
Batting: RHB Bill Boyd 0-0: Called Strike
0-1: Swinging Strike
0-2: Foul Ball, location: 2F
0-2: Fly out, F3 (Popup, 3SF)
Top of the 3rd over - 0 runs, 0 hits, 0 errors, 0 left on base; Lannister United 1 - Bethesda 1
BOTTOM OF THE 3RD
Bethesda Atoms batting - Pitching for Lannister United Lionhearts : LHP Tony Torres
Batting: LHB Jorge Ortíz 0-0: Ball
1-0: Ball
2-0: Ball
3-0: Called Strike
3-1: Swinging Strike
3-2: Base on Balls
Batting: RHB Tomás Gonzáles 0-0: Ball
1-0: Swinging Strike
1-1: Ball
2-1: Swinging Strike
2-2: Strikes out swinging
Batting: LHB Manuel Márquez 0-0: Called Strike
0-1: Foul Ball, location: 2F
0-2: Strikes out swinging
Batting: LHB Gong Mao 0-0: Called Strike
Jorge Ortíz steals 2nd base
0-1: Ball
1-1: Foul Ball, location: 2F
1-2: Ball
2-2: Strikes out swinging
Bottom of the 3rd over - 0 runs, 0 hits, 0 errors, 1 left on base; Lannister United 1 - Bethesda 1
TOP OF THE 4TH
Lannister United Lionhearts batting - Pitching for Bethesda Atoms : RHP Júlio Gutiérrez
Batting: LHB Jonathan Gunner 0-0: Ball
1-0: Ball
2-0: Ball
3-0: Base on Balls
Batting: RHB Chong-yee Au-Yong 0-0: Called Strike
0-1: Ball
1-1: Fly out, F9 (Flyball, 9S)
Batting: SHB Vernon T. Waldrip 0-0: Ball
1-0: Called Strike
1-1: Fielders Choice at 2nd, 3-6 (Groundball, 3)
Batting: LHB Takahiro Suzuki 0-0: Foul Ball, location: 2F
0-1: Ball
1-1: SINGLE (Groundball, 56D)
Vernon T. Waldrip to second
Batting: LHB Jack Donohue 0-0: Called Strike
0-1: Ground out 2-3 (Groundball, 2L)
Top of the 4th over - 0 runs, 1 hit, 0 errors, 2 left on base; Lannister United 1 - Bethesda 1
BOTTOM OF THE 4TH
Bethesda Atoms batting - Pitching for Lannister United Lionhearts : LHP Tony Torres
Batting: RHB Renato Zuvic 0-0: Swinging Strike
0-1: Fly out, F9 (Flyball, 9LSF)
Batting: RHB José Leyva 0-0: SINGLE (Line Drive, 6MD)
Batting: SHB Pedro Ortega 0-0: Called Strike
0-1: Called Strike
0-2: Foul Ball, location: 2F
0-2: Strikes out swinging
Batting: RHB Raúl Francisco 0-0: Ball
1-0: Fly out, F7 (Flyball, 78S)
Bottom of the 4th over - 0 runs, 1 hit, 0 errors, 1 left on base; Lannister United 1 - Bethesda 1
TOP OF THE 5TH
Lannister United Lionhearts batting - Pitching for Bethesda Atoms : RHP Júlio Gutiérrez
Batting: RHB Gilberto Clemente 0-0: Ball
1-0: Ball
2-0: Ground out 3-1 (Groundball, 3D)
Batting: RHB Riley Walker 0-0: Ball
1-0: Swinging Strike
1-1: Foul Ball, location: 2F
1-2: SINGLE (Line Drive, 6MD)
Batting: RHB Leonard Carroll 0-0: Ball
1-0: Ball
2-0: Swinging Strike
2-1: Ball
3-1: Grounds into double play, 6-4-3 (Groundball, 6)
Top of the 5th over - 0 runs, 1 hit, 0 errors, 0 left on base; Lannister United 1 - Bethesda 1
BOTTOM OF THE 5TH
Bethesda Atoms batting - Pitching for Lannister United Lionhearts : LHP Tony Torres
Batting: LHB Rob Rodríguez 0-0: Called Strike
0-1: Ground out 6-3 (Groundball, 6M)
Batting: LHB Jorge Ortíz 0-0: Ball
1-0: Ball
2-0: Foul Ball, location: 2F
2-1: Ball
3-1: Base on Balls
Batting: RHB Tomás Gonzáles 0-0: Ball
1-0: Ball
2-0: SINGLE (Groundball, 6) (infield hit)
Jorge Ortíz to second
Batting: LHB Manuel Márquez 0-0: Ball
Jorge Ortíz is caught stealing 3rd base
1-0: Ball
2-0: Foul Ball, location: 2F
2-1: Ball
Wild Pitch!
Tomás Gonzáles to second
3-1: Base on Balls
Batting: LHB Gong Mao 0-0: Ball
1-0: Swinging Strike
1-1: Foul Ball, location: 2F
1-2: Ball
2-2: Ball
3-2: Foul Ball, location: 2F
3-2: SINGLE (Groundball, 4MD)
Tomás Gonzáles to third
Manuel Márquez to second
Tomás Gonzáles scores
Manuel Márquez to third
Batting: RHB Renato Zuvic 0-0: SINGLE (Groundball, 6MD)
Manuel Márquez scores
Gong Mao to second
Batting: RHB José Leyva 0-0: Foul Ball, location: 2F
0-1: Ball
1-1: Called Strike
1-2: Ball
2-2: Ball
3-2: Foul Ball, location: 2F
3-2: Foul Ball, location: 2F
3-2: Ground out 1-3 (Groundball, 15S)
Bottom of the 5th over - 2 runs, 3 hits, 0 errors, 2 left on base; Lannister United 1 - Bethesda 3
TOP OF THE 6TH
Lannister United Lionhearts batting - Pitching for Bethesda Atoms : RHP Júlio Gutiérrez
Batting: RHB Bill Boyd 0-0: Called Strike
0-1: Reached on error, E6 (Groundball, 6)
Batting: LHB Jonathan Gunner 0-0: Ball
Bill Boyd steals 3rd base
1-0: Ball
2-0: Ball
3-0: Base on Balls
Batting: RHB Chong-yee Au-Yong 0-0: Swinging Strike
0-1: Ball
1-1: Ball
Jonathan Gunner steals 2nd base
2-1: Called Strike
2-2: SINGLE (Line Drive, 89S)
Bill Boyd scores
Jonathan Gunner to third
Batting: SHB Vernon T. Waldrip 0-0: Ball
1-0: Fly out, F9 (Flyball, 9S)
Batting: LHB Takahiro Suzuki 0-0: Fielders Choice at 2nd, 6-4 (Groundball, 6)
Jonathan Gunner scores
Batting: LHB Jack Donohue 0-0: DOUBLE (Line Drive, 8LD)
Takahiro Suzuki to third
Takahiro Suzuki scores
Batting: RHB Gilberto Clemente 0-0: Ball
1-0: Foul Ball, location: 2F
1-1: Swinging Strike
1-2: Strikes out looking
Top of the 6th over - 3 runs, 2 hits, 1 error, 1 left on base; Lannister United 4 - Bethesda 3
BOTTOM OF THE 6TH
Bethesda Atoms batting - Pitching for Lannister United Lionhearts : LHP Tony Torres
Batting: SHB Pedro Ortega 0-0: Foul Ball, location: 2F
0-1: Fly out, F5 (Line Drive, 5)
Batting: RHB Raúl Francisco 0-0: Called Strike
0-1: Ball
1-1: Ball
2-1: SINGLE (Line Drive, 78S)
Batting: LHB Rob Rodríguez Pickoff Throw to First - Out!
0-0: Ground out 4-3 (Groundball, 4)
Bottom of the 6th over - 0 runs, 1 hit, 0 errors, 0 left on base; Lannister United 4 - Bethesda 3
TOP OF THE 7TH
Lannister United Lionhearts batting - Pitching for Bethesda Atoms : RHP Júlio Gutiérrez
Batting: RHB Riley Walker 0-0: Called Strike
0-1: Swinging Strike
0-2: Strikes out looking
Batting: RHB Leonard Carroll 0-0: Ball
1-0: Ground out 5-3 (Groundball, 5L)
Batting: RHB Bill Boyd 0-0: Ball
1-0: SINGLE (Line Drive, 8LS)
Batting: LHB Jonathan Gunner 0-0: Ball
1-0: Foul Ball, location: 2F
1-1: Foul Ball, location: 2F
Pickoff Throw to First - Out!
Top of the 7th over - 0 runs, 1 hit, 0 errors, 0 left on base; Lannister United 4 - Bethesda 3
BOTTOM OF THE 7TH
Bethesda Atoms batting - Pitching for Lannister United Lionhearts : LHP Tony Torres
Batting: LHB Jorge Ortíz 0-0: SINGLE (Flyball, 7S)
Batting: RHB Tomás Gonzáles 0-0: Bunt missed!
0-1: Ball
1-1: Sac Bunt - play at first, batter OUT! 1-4
Jorge Ortíz to second
Pinch Hitting: RHB Marc Beck 0-0: Foul Ball, location: 2F
0-1: Foul Ball, location: 2F
0-2: Ball
1-2: Ball
2-2: Foul Ball, location: 2F
2-2: Ground out 5-3 (Groundball, 56S)
Jorge Ortíz to third
Pitching: LHP Won-min Yi
Batting: LHB Gong Mao 0-0: Called Strike
0-1: SINGLE (Flyball, 7S)
Jorge Ortíz scores
Batting: RHB Renato Zuvic 0-0: Called Strike
0-1: Ball
1-1: Foul Ball, location: 2F
1-2: Foul Ball, location: 2F
1-2: SINGLE (Groundball, 6MD)
Gong Mao to second
Batting: RHB José Leyva 0-0: Ball
1-0: Ball
2-0: Called Strike
2-1: Foul Ball, location: 2F
2-2: Strikes out swinging
Bottom of the 7th over - 1 run, 3 hits, 0 errors, 2 left on base; Lannister United 4 - Bethesda 4
TOP OF THE 8TH
Lannister United Lionhearts batting - Pitching for Bethesda Atoms : RHP Júlio Gutiérrez
Now in LF: Marc Beck
Batting: LHB Jonathan Gunner 0-0: Ball
1-0: SOLO HOME RUN (Flyball, 9D), Distance : 362 ft
Batting: RHB Chong-yee Au-Yong 0-0: Ball
1-0: Called Strike
1-1: Ball
2-1: Ball
3-1: Ground out 6-3 (Groundball, 6)
Batting: SHB Vernon T. Waldrip 0-0: SINGLE (Groundball, 5D)
Batting: LHB Takahiro Suzuki 0-0: Called Strike
0-1: Ball
1-1: Ground out 4-3 (Groundball, 4S)
Vernon T. Waldrip to second
Pitching: RHP Elias Ijzendoorn
Batting: LHB Jack Donohue 0-0: Foul Ball, location: 2F
0-1: Ball
1-1: Foul Ball, location: 2F
1-2: Strikes out swinging
Top of the 8th over - 1 run, 2 hits, 0 errors, 1 left on base; Lannister United 5 - Bethesda 4
BOTTOM OF THE 8TH
Bethesda Atoms batting - Pitching for Lannister United Lionhearts : LHP Won-min Yi
Batting: SHB Pedro Ortega 0-0: Ball
1-0: Ball
2-0: Fly out, F4 (Popup, 34D)
Batting: RHB Raúl Francisco 0-0: Ball
1-0: Called Strike
1-1: Ball
2-1: Ball
3-1: Foul Ball, location: 2F
3-2: Base on Balls
Batting: LHB Rob Rodríguez 0-0: Swinging Strike
0-1: Ball
1-1: Fly out, F7 (Flyball, 7S)
Pinch Hitting: RHB Isuru Tanaka 0-0: Ball
1-0: Foul Ball, location: 2F
1-1: Foul Ball, location: 2F
1-2: Fly out, F8 (Flyball, 8RXD)
Bottom of the 8th over - 0 runs, 0 hits, 0 errors, 1 left on base; Lannister United 5 - Bethesda 4
TOP OF THE 9TH
Lannister United Lionhearts batting - Pitching for Bethesda Atoms : RHP Elias Ijzendoorn
Now at 2B: Isuru Tanaka
Batting: RHB Gilberto Clemente 0-0: SOLO HOME RUN (Flyball, 78XD), Distance : 402 ft
Batting: RHB Riley Walker 0-0: Called Strike
0-1: Ball
1-1: Called Strike
1-2: SINGLE (Line Drive, 56D)
Batting: RHB Leonard Carroll 0-0: Sac Bunt - play at first, batter OUT! 1-3
Riley Walker to second
Batting: RHB Bill Boyd 0-0: Ground out 6-3 (Groundball, 6)
Riley Walker to third
Batting: LHB Jonathan Gunner 0-0: Called Strike
0-1: Ball
1-1: Ball
2-1: Ball
3-1: Base on Balls
Batting: RHB Chong-yee Au-Yong 0-0: Called Strike
0-1: Called Strike
0-2: Ball
1-2: Foul Ball, location: 2F
1-2: Ball
2-2: Strikes out swinging
Top of the 9th over - 1 run, 2 hits, 0 errors, 2 left on base; Lannister United 6 - Bethesda 4
BOTTOM OF THE 9TH
Bethesda Atoms batting - Pitching for Lannister United Lionhearts : LHP Won-min Yi
Pitching: RHP Manuel Torres
Batting: RHB Tomás Gonzáles 0-0: Swinging Strike
0-1: Foul Ball, location: 2F
0-2: Ball
1-2: Ball
2-2: Foul Ball, location: 2F
2-2: Strikes out swinging
Batting: RHB Marc Beck 0-0: Foul Ball, location: 2F
0-1: Swinging Strike
0-2: SOLO HOME RUN (Flyball, 7LD), Distance : 358 ft
Batting: LHB Gong Mao 0-0: Fly out, F8 (Flyball, 8LD)
Batting: RHB Renato Zuvic 0-0: Swinging Strike
0-1: Swinging Strike
0-2: Strikes out swinging
Bottom of the 9th over - 1 run, 1 hit, 0 errors, 0 left on base; Lannister United 6 - Bethesda 5
Saturday, December 22nd, 2018 - OOTP Baseball 18.8 Build 76